 Dungeon Crawl Stone Soup version 0.21-a0-150-gc243083 (webtiles) character file.

3646 drasked the Grappler (level 9, -7/93 HPs)
             Began as a Troll Monk on July 28, 2017.
             Was an Elder of Okawaru.
             Mangled by a two-headed ogre
             ... wielding a +0 giant spiked club
              (19 damage)
             ... on level 8 of the Dungeon.
             The game lasted 00:12:46 (7015 turns).

drasked the Grappler (Troll Monk)                   Turns: 7015, Time: 00:12:47

Health: -7/93      AC:  5    Str: 24    XL:     9   Next: 88%
Magic:  8/8        EV: 10    Int:  6    God:    Okawaru [****..]
Gold:   315        SH:  0    Dex: 12    Spells: 8/8 levels left

rFire    . . .     SeeInvis .     - Unarmed
rCold    . . .     Gourm    +   (no shield)
rNeg     . . .     Faith    .   a - +0 robe
rPois    .         Spirit   .   A - +0 hat
rElec    .         Reflect  .   (no cloak)
rCorr    .         Harm     .   (gloves unavailable)
MR       .....     Rnd*Tele +   (boots unavailable)
Stlth    +.........             (no amulet)
HPRegen  0.65/turn              y - ring of teleportation {+/*tele, !d}
MPRegen  0.11/turn              (no ring)

@: drained
A: unfitting armour, claws 3, fast metabolism 3, gourmand, regeneration 1,
shaggy fur 1, tough skin 2
a: Heroism, Renounce Religion


You were on level 8 of the Dungeon.
You worshipped Okawaru.
Okawaru was greatly pleased with you.
You were completely stuffed.

You visited 2 branches of the dungeon, and saw 9 of its levels.

You collected 315 gold pieces.

Inventory:

Missiles
 e - a throwing net {=f, !d}
Armour
 a - a +0 robe (worn)
 A - a +0 hat (worn)
   (You found it on level 5 of the Dungeon)
Magical Staves
 F - an uncursed staff of energy {unknown}
   (You found it on level 7 of the Dungeon)
Jewellery
 y - a ring of teleportation (left claw) {+/*tele, !d}
   (You found it on level 5 of the Dungeon)
Wands
 k - a wand of polymorph (11/24)
   (You found it on level 2 of the Dungeon)
 x - a wand of random effects (25/48)
   (You took it off Ijyb on level 5 of the Dungeon)
 D - a wand of lightning (10/15)
   (You found it on level 6 of the Dungeon)
Scrolls
 c - 5 scrolls of teleportation
 f - 8 scrolls of remove curse
 j - 3 scrolls of identify
 l - 2 scrolls of amnesia
 n - 2 scrolls of enchant armour {unknown}
 p - a scroll of enchant weapon {unknown}
 r - 3 scrolls of recharging {unknown}
 u - a scroll of noise {unknown}
 w - a scroll of fog
 G - 2 scrolls of immolation {unknown}
 H - 2 scrolls of magic mapping {unknown}
Potions
 d - 2 potions of curing {unknown}
 g - a potion of berserk rage {!q}
 h - 3 potions of resistance {unknown}
 m - 7 potions of heal wounds
 o - a potion of might {unknown}
 q - 2 potions of brilliance {unknown}
 s - a potion of mutation {unknown}
 t - a potion of haste {unknown}
 v - a potion of agility {unknown}
 z - a potion of magic {unknown}
 E - a potion of lignification {unknown}
Books
 B - a book of Frost
   (You found it on level 5 of the Dungeon)
Comestibles
 b - 4 bread rations {@e1}
 i - 6 meat rations {@e2}
 C - 2 royal jellies
 I - 4 chunks of flesh {@w0}


   Skills:
 + Level 7.3(6.6) Fighting
 - Level 2.4(1.7) Dodging
 - Level 1.0(0.4) Stealth
 * Level 11.8(11.0) Unarmed Combat


You had 8 spell levels left.
You didn't know any spells.

Dungeon Overview and Level Annotations

Branches:
Dungeon (8/15)             Temple (1/1) D:4            Lair (0/6) D:8

Altars:
Ashenzari
Cheibriados
Dithmenos
Elyvilon
Fedhas
Gozag
Kikubaaqudgha
Makhleb
Nemelex Xobeh
Okawaru
Qazlal
Ru
Sif Muna
Trog
Uskayaw
Vehumet
Wu Jian
Xom
Yredelemnul
Zin
The Shining One
Jiyva

Annotations:
D:6 Prince Ribbit
D:7 exclusion: Joseph, Joseph


Innate Abilities, Weirdness & Mutations

You are too large for most types of armour.
You have claws for hands.
Your metabolism is lightning-fast.
You like to eat raw meat.
Your natural rate of healing is unusually fast.
You are covered in fur. (AC +1)
You have very tough skin. (AC +2)


Message History

Things that are here:
a spear; a robe
There is an open door here.
Found a stone staircase leading down.
Health restored: 93
There is an open door here.
There is an open door here.
Eating one of 5 chunks of flesh {@w0}.
You eat one of the 5 chunks of flesh {@w0}.
This raw flesh tastes great.
There is a stone staircase leading down here.
An ogre comes into view. It is wielding a giant club.
An ogre is nearby!
A bullfrog zombie comes into view.
The ogre shouts!
The ogre hits you with a giant club!!
You take 20 damage, and have 73/93 hp.
MASSIVE DAMAGE!!
You barely miss the ogre. You mangle the ogre!!
You kill the ogre!
Okawaru accepts your kill.
You mangle the bullfrog zombie!! The bullfrog zombie closely misses you.
You barely miss the bullfrog zombie. The bullfrog zombie hits you.
You take 6 damage, and have 69/93 hp.
You eviscerate the bullfrog zombie!!!
You destroy the bullfrog zombie!
Okawaru accepts your kill.
Your life force feels restored.
Things that are here:
a giant club; an ogre corpse You butcher the ogre corpse.
I - 8 chunks of flesh {@w0} (gained 4)
You see here a giant club.
You start resting.
Health restored: 93
There is an open door here.
There is an open door here.
There is an open door here.
There is an open door here.
Some of the chunks of flesh in your inventory have rotted away.
There is an open door here.
A wight is nearby!
The wight hits you with an enchanted long sword.
You feel drained. The wight barely misses you.
You take 4 damage, and have 89/93 hp.
You claw the wight! You barely miss the wight. Your claw misses the wight.
The wight hits you but does no damage. The wight barely misses you.
The wight hits you with an enchanted long sword!
You feel drained.
You take 13 damage, and have 77/93 hp.
You mangle the wight!!
You destroy the wight!
Okawaru accepts your kill. The wight hits you but does no damage.
The wight hits you with a scimitar!
You take 6 damage, and have 71/93 hp.
You claw the wight! The wight hits you with a dagger.
You take 2 damage, and have 69/93 hp.
You barely miss the wight. The wight hits you with a scimitar.
You feel drained. The wight barely misses you.
You claw the wight!
You destroy the wight!
Okawaru accepts your kill. The wight misses you.
You mangle the wight!!
You destroy the wight!
Okawaru accepts your kill.
No target in view!
No target in view!
No target in view!
No target in view!
No target in view!
No target in view!
No target in view!
Things that are here:
an enchanted long sword; a robe You start resting.
Eating one of 6 chunks of flesh {@w0}.
You eat one of the 6 chunks of flesh {@w0}.
This raw flesh tastes great.
You regained 18 hp, and now have 88/93 hp.
The two-headed ogre shouts in stereo!
Some of the chunks of flesh in your inventory have rotted away.
The two-headed ogre hits you with a giant spiked club!
The two-headed ogre hits you with a giant spiked club!!
You take 29 damage, and have 63/93 hp.
MASSIVE DAMAGE!!
You closely miss the two-headed ogre. You claw the two-headed ogre.
You claw the two-headed ogre!
The two-headed ogre hits you with a giant spiked club!! x2
* * * LOW HITPOINT WARNING * * *
You take 38 damage, and have 26/93 hp.
MASSIVE DAMAGE!!
The two-headed ogre hits you with a giant spiked club!!
* * * LOW HITPOINT WARNING * * *
The two-headed ogre hits you with a giant spiked club!!
You die...

#
#....#.....#..##....#.....#...
#
#....#.....#####....'.....#...
# #..).#.....# ######.....#...
# #..).#.....# #.....#..# #
#....#)))..##### #.....#..# #
#....#.........# #.....#... #
#....#.........######.....#...
#
#....#....................#...
#
#....#......O@............#..#
#
#....#....................##'#
#
#....#....................#..>
# #....................#... #
#....................##'# #
#.....########'##........ #
#.....#....'....#........ #
#.....#....#....#........ #
#.....#....#....#........


You could see a two-headed ogre.

Vanquished Creatures
  The ghost of sergedm the Thaumaturge, a novice DECj of Vehumet (D:8)
  2 yaks (D:8)
  A sky beast (D:6)
  4 orc warriors (D:8)
  A black bear (D:7)
  A phantom (D:4)
  8 ogres
  2 centaurs
  3 bullfrogs
  A wyvern zombie (D:8)
  A scorpion (D:7)
  The ghost of Nico3ck the Shield-Bearer, a weakling FoFi (D:3)
  6 wights (D:8)
  A howler monkey (D:8)
  A crimson imp (D:5)
  A bullfrog zombie (D:8)
  A centaur zombie (D:5)
  5 hounds
  A jelly (D:7)
  An orc priest (D:8)
  A bullfrog skeleton (D:7)
  6 orc wizards
  An iguana (D:7)
  Ijyb (D:5)
  Natasha (thrice) (D:2)
  4 worker ants
  A hound skeleton (D:4)
  4 gnolls (D:6)
  5 adders
  2 oozes
  An adder skeleton (D:6)
  An adder zombie (D:5)
  2 worms
  5 dart slugs
  4 leopard geckos
  22 orcs
  2 giant cockroaches
  7 goblins
  12 hobgoblins
  12 jackals
  7 kobolds
  3 quokkas
  2 ball pythons (D:3)
  9 bats
  8 frilled lizards
  A quokka zombie (D:6)
  6 rats
175 creatures vanquished.

Vanquished Creatures (others)
  A fungus (D:8)
  A plant (D:8)
2 creatures vanquished.

Grand Total: 177 creatures vanquished

Notes
Turn   | Place    | Note
-------+----------+-------------------------------------------
     0 | D:1      | drasked the Troll Monk began the quest for the Orb.
     0 | D:1      | Reached XP level 1. HP: 22/22 MP: 0/0
   233 | D:1      | Reached XP level 2. HP: 29/29 MP: 1/1
   772 | D:1      | Reached skill level 3 in Fighting
   772 | D:1      | Reached XP level 3. HP: 36/37 MP: 2/2
   876 | D:2      | Found an ancient bone altar of Kikubaaqudgha.
   883 | D:2      | Reached skill level 4 in Unarmed Combat
  1074 | D:2      | Reached XP level 4. HP: 45/45 MP: 3/3
  1328 | D:2      | Noticed Natasha
  1338 | D:2      | Killed Natasha
  1343 | D:2      | Noticed Natasha
  1353 | D:2      | HP: 6/45 [Natasha (9)]
  1358 | D:2      | Killed Natasha
  1434 | D:2      | Found a shadowy altar of Dithmenos.
  1439 | D:2      | Noticed Natasha
  1442 | D:2      | Killed Natasha
  1442 | D:2      | Reached skill level 5 in Unarmed Combat
  1442 | D:2      | Reached XP level 5. HP: 53/53 MP: 4/4
  1655 | D:2      | Found a deep blue altar of Sif Muna.
  1904 | D:3      | Found a white marble altar of Elyvilon.
  1909 | D:3      | Noticed Nico3ck's ghost (weakling FoFi)
  1913 | D:3      | Killed Nico3ck's ghost
  2108 | D:3      | Found an ornate altar of the Wu Jian Council.
  2110 | D:3      | Found an opulent altar of Gozag.
  2110 | D:3      | Found a basalt altar of Yredelemnul.
  2563 | D:3      | Found a sparkling altar of Nemelex Xobeh.
  2645 | D:3      | Found a sacrificial altar of Ru.
  2927 | D:4      | Noticed a phantom
  2932 | D:4      | Reached XP level 6. HP: 53/62 MP: 5/5
  2966 | D:4      | Reached skill level 4 in Fighting
  2966 | D:4      | Reached skill level 6 in Unarmed Combat
  3213 | D:4      | Reached XP level 7. HP: 71/71 MP: 6/6
  3377 | D:4      | Found a staircase to the Ecumenical Temple.
  3386 | Temple   | Entered the Ecumenical Temple
  3660 | D:5      | Entered Level 5 of the Dungeon
  3671 | D:5      | Noticed Ijyb
  3683 | D:5      | Killed Ijyb
  3683 | D:5      | Reached skill level 7 in Unarmed Combat
  4086 | D:5      | Reached skill level 5 in Fighting
  4295 | D:5      | Found a sparkling altar of Nemelex Xobeh.
  4308 | D:5      | Reached skill level 8 in Unarmed Combat
  4326 | D:6      | Reached XP level 8. HP: 66/80 MP: 7/7
  4394 | D:6      | Found an iron altar of Okawaru.
  4395 | D:6      | Found a bloodstained altar of Trog.
  4404 | D:6      | Became a worshipper of Warmaster Okawaru
  4404 | D:6      | Reached * piety under Okawaru
  4404 | D:6      | Reached ** piety under Okawaru
  4560 | D:6      | Found a blossoming altar of Fedhas.
  4750 | D:6      | HP: 14/81 [gnoll/halberd (10)]
  4757 | D:6      | HP: 14/81 [gnoll/spear (2)]
  5064 | D:6      | Noticed Prince Ribbit
  5281 | D:6      | Reached skill level 9 in Unarmed Combat
  5593 | D:7      | Noticed Joseph
  5985 | D:7      | Reached skill level 6 in Fighting
  6134 | D:8      | Reached skill level 10 in Unarmed Combat
  6149 | D:8      | Reached *** piety under Okawaru
  6149 | D:8      | Reached XP level 9. HP: 61/89 MP: 8/8
  6211 | D:8      | Noticed a two-headed ogre
  6270 | D:8      | Noticed sergedm's ghost (novice DECj)
  6280 | D:8      | Killed sergedm's ghost
  6305 | D:8      | Reached skill level 11 in Unarmed Combat
  6665 | D:8      | Reached skill level 7 in Fighting
  6707 | D:8      | Reached **** piety under Okawaru
  6834 | D:8      | Found a staircase to the Lair.
  7015 | D:8      | HP: 12/93 [two-headed ogre/giant spiked club (18)]
  7015 | D:8      | Mangled by a two-headed ogre

Vault maps used:
D:1:      scummos_arrival_simple_crosswalls
D:2:      lemuel_round_altar, led_sif_pool, grunt_dithmenos_smoke_and_mirrors,
          serial_co_window_serial, co_window_corner_a, co_window_corner_a,
          co_window_of_opportunity_a, co_window_paths_b,
          co_window_of_opportunity_a, co_window_broadway_b,
          co_window_broadway_c, co_window_paths_c, co_window_of_opportunity_c,
          co_window_unsneaky_path_e, co_window_cross_4, glass_columns_b,
          glass_columns_a, glass_columns_a, glass_columns_a, uniq_natasha
D:3:      elyvilon_altar_4, grunt_temple_overflow_open,
          nicolae_ru_sacrificial_ziggurat, supply_closet_lemuel,
          nemelex_dance_club_becter
D:4:      temple_hall, first_bread
D:5:      kennysheep_little_box, uniq_ijyb
D:6:      grunt_temple_overflow_bloody_war, fedhas_altar_3, uniq_prince_ribbit1
D:7:      uniq_joseph
D:8:      lemuel_coloured_pillars_altar, grunt_lair_entry_orc_guard_hut
Temple:   pf_slime_end_temple

Skill      XL: |  1  2  3  4  5  6  7  8  9 |
---------------+----------------------------+-----
Fighting       | 3 4 5 6 7 |  7.3
Unarmed Combat | 4 5 6 8 10 11 | 11.8
Dodging        | |  2.4
Stealth        | |  1.0

Action                   |  1- 3 |  4- 6 |  7- 9 || total
-------------------------+-------+-------+-------++-------
Melee: Unarmed           |    96 |   137 |   272 ||   505
       Punch             |       |     5 |    11 ||    16
  Use: Scroll            |       |       |     5 ||     5
 Stab: Sleeping          |     3 |     4 |     1 ||     8
  Eat: Chunk             |    15 |    20 |    35 ||    70
Armor: Robe              |    33 |    42 |    47 ||   122
Dodge: Dodged            |    58 |    66 |   105 ||   229

Vault maps used:
D:1:      scummos_arrival_simple_crosswalls
D:2:      lemuel_round_altar, led_sif_pool, grunt_dithmenos_smoke_and_mirrors,
          serial_co_window_serial, co_window_corner_a, co_window_corner_a,
          co_window_of_opportunity_a, co_window_paths_b,
          co_window_of_opportunity_a, co_window_broadway_b,
          co_window_broadway_c, co_window_paths_c, co_window_of_opportunity_c,
          co_window_unsneaky_path_e, co_window_cross_4, glass_columns_b,
          glass_columns_a, glass_columns_a, glass_columns_a, uniq_natasha
D:3:      elyvilon_altar_4, grunt_temple_overflow_open,
          nicolae_ru_sacrificial_ziggurat, supply_closet_lemuel,
          nemelex_dance_club_becter
D:4:      temple_hall, first_bread
D:5:      kennysheep_little_box, uniq_ijyb
D:6:      grunt_temple_overflow_bloody_war, fedhas_altar_3, uniq_prince_ribbit1
D:7:      uniq_joseph
D:8:      lemuel_coloured_pillars_altar, grunt_lair_entry_orc_guard_hut
Temple:   pf_slime_end_temple

Table legend:
 A = Turns spent in this place as a percentage of turns spent in the entire game.
 B = Non-inter-level travel turns spent in this place as a percentage of non-inter-level travel turns spent in the entire game.
 C = Inter-level travel turns spent in this place as a percentage of turns spent in this place.
 D = Turns resting spent in this place as a percentage of non-inter-level travel turns spent in this place.
 E = Turns spent auto-exploring this place as a percentage of non-inter-level travel turns spent in this place.
 F = Non-inter-level travel turns spent in this place divided by the number of levels of this place that you've seen.
                   A       B       C       D       E      F
               +-------+-------+-------+-------+-------+----------------------
         Total | 100.0 | 100.0 |   0.5 |   1.7 |   8.9 | 284.4
       Dungeon |  97.1 |  97.1 |   0.4 |   1.8 |   8.9 | 310.9
        Temple |   2.9 |   2.9 |   1.4 |   0.0 |   9.6 |  73.0
               +-------+-------+-------+-------+-------+----------------------

Table legend:
 A = Kills in this place as a percentage of kills in entire the game.
 B = Kills by you in this place as a percentage of kills by you in the entire game.
 C = Kills by friends in this place as a percentage of kills by friends in the entire game.
 D = Other kills in this place as a percentage of other kills in the entire game.
 E = Experience gained in this place as a percentage of experience gained in the entire game.
 F = Experience gained in this place divided by the number of levels of this place that you have seen.
                   A       B       C       D       E      F
               +-------+-------+-------+-------+-------+----------------------
         Total | 100.0 | 100.0 |  -nan |  -nan | 100.0 | 578.8
       Dungeon | 100.0 | 100.0 |  -nan |  -nan | 100.0 | 651.1
               +-------+-------+-------+-------+-------+----------------------
